 Dungeon Sprint DCSS version 0.31-a0-640-g39d97e502b (webtiles) character file.

Game seed: 7923314666994558361

51 sircluck the Ruffian (level 3, 0/58 HPs)
             Began as a Troll Berserker on Aug 28, 2023.
             Was a Priest of Trog.
             Slain by a water elemental (20 damage)
             ... in the Dungeon (Sprint III: "The Ten Rune Challenge").
             The game lasted 00:00:28 (133 turns).

sircluck the Ruffian (Troll Berserker)               Turns: 133, Time: 00:00:28

Health: 0/58       AC:  4    Str: 31    XL:     3   Next: 57%
Magic:  2/2        EV: 10    Int:  2    God:    Trog [***...]
Gold:   26         SH:  0    Dex:  8    Spells: 2/2 levels left

rFire   . .          .
                       - Unarmed
rCold   . . .        (no shield)
rNeg    . . .        a - +0 animal skin
rPois   .            (helmet restricted)
rElec   .            (no cloak)
rCorr   .            (gloves unavailable)
SInv    .            (boots unavailable)
Will    +....        (no amulet) Stlth
                     (no ring)
HPRegen 1.09/turn    (no ring)
MPRegen 0.08/turn

%: no teleportation
@: berserking, engulfed (cannot breathe), very quick
A: large, unfitting armour, claws 3, regeneration 1, shaggy fur 1, tough skin 1,
talons 1, strong-willed 1, strong 1
a: Renounce Religion, Berserk, Trog's Hand


You were in the Dungeon.
You worshipped Trog.
Trog was most pleased with you.
You visited 1 branch You collected 26 gold pieces.

Inventory:

Armour
 a - a +0 animal skin (worn)
Scrolls
 g - a scroll of blinking
 h - a scroll of enchant armour {unknown}
 j - 2 scrolls of immolation {unknown}
 k - a scroll of fog {unknown}
 m - a scroll of identify {unknown}
Potions
 b - a potion of curing
 c - a potion of heal wounds
 d - a potion of haste
 e - 2 potions of magic
 f - a potion of berserk rage
 i - 4 potions of mutation
 l - 3 potions of enlightenment


   Skills:
 + Level 4.2 Fighting
 + Level 4.1 Dodging
 + Level 5.0 Unarmed Combat


You had 2 spell levels left.
You didn't know any spells.
Your spell library was empty.

Dungeon Overview and Level Annotations

Branches:
Dungeon (1/1)

Altars:


Innate Abilities, Weirdness & Mutations

You are too large for most types of armour.
You have claws for hands.
Your natural rate of healing is unusually fast.
You are covered in fur. (AC +1)
You have tough skin. (AC +1)
You have sharp toenails.
You are strong-willed. (Will+)
Your muscles are strong. (Str +4, Int/Dex -1)


Message History

No target in view!
No target in view!
No target in view!
No target in view!
No target in view!
No target in view!
No target in view!
You enter the shallow water.
You open the door.
There is an open door here.
You now have 17 gold pieces (gained 14).
You now have 26 gold pieces (gained 9).
i - a potion of mutation;
j - a scroll labelled LISHUFITAIR
k - a scroll labelled PAIBBY ZOSAFF;
i - 3 potions of mutation (gained 2)
l - a potion of enlightenment
i - 4 potions of mutation (gained 1)
j - 2 scrolls labelled LISHUFITAIR (gained 1)
m - a scroll labelled QIWNEZIQYQ;
i - 5 potions of mutation (gained 1)
l - 3 potions of enlightenment (gained 2)
There is an open door here.
You enter the shallow water.
You enter the shallow water.
You open the door.
A water elemental comes into view.
You close the door.
You feel extremely strange.
Your toenails lengthen and sharpen.
You feel strong-willed.
You feel stronger.
You open the door.
A red film seems to cover your vision as you go berserk!
You feel yourself moving faster!
You feel mighty! The water elemental hits you!
The water elemental engulfs you in water!
You claw the water elemental!
The water elemental is heavily damaged.
Your lungs strain for air!
The water elemental hits you!
You claw the water elemental! Your kick misses the water elemental.
The water elemental is almost destroyed.
Your lungs strain for air!
The water elemental hits you!!
You die...

▓▓▓▓▓▓▓▓▓▓▓▓ ▓▓▓
<.#..'...♣.♣♣ ♣.#
..#..#....♣.♣ ♣.#
#'####....♣♣♣ ..#
.†...#....~♣♣♣♣♣.# #+#+#
.....#...~~..♣.♣.#......
.....#..~~~~.♣.♣@E.⌠....
####'#..~≈≈~~~♣♣.#...###
..).†#.~~≈~~~....# ⌠.#
.....#.~≈~~~.....# .#
.....#.~~~.......# #
'#####...........#
..........†......#
▓▓▓▓▓▓▓▓▓▓▓▓▓▓▓▓▓▓


You could see a water elemental.

Vanquished Creatures
  Jessica (D)
  A human (D)
  A phantom (D)
  An endoplasm (D)
  2 rats (D)
6 creatures vanquished.

Notes
Turn   | Place    | Note
-------+----------+-------------------------------------------
     0 | D        | sircluck the Troll Berserker began the quest for the Orb.
     0 | D        | Reached XP level 1. HP: 22/22 MP: 0/0
    14 | D        | Noticed Jessica
    15 | D        | Reached ** piety under Trog
    19 | D        | HP: 1/22 [Jessica/+2 dagger of venom (6)]
    20 | D        | Killed Jessica
    21 | D        | Reached skill level 4 in Unarmed Combat
    21 | D        | Reached XP level 2. HP: 4/32 MP: 1/1
    21 | D        | Reached XP level 3. HP: 4/39 MP: 2/2
    90 | D        | Reached *** piety under Trog
    91 | D        | Reached skill level 5 in Unarmed Combat
   127 | D        | Noticed a water elemental
   129 | D        | Gained mutation: You have sharp toenails. [potion of
                  | mutation]
   129 | D        | Gained mutation: You are strong-willed. (Will+) [potion of
                  | mutation]
   129 | D        | Gained mutation: Your muscles are strong. (Str +4, Int/Dex
                  | -1) [potion of mutation]
   133 | D        | Slain by a water elemental

Illustrated notes

Levels and vault maps discovered:
D:        dungeon_sprint_mu [sprint_mu_entry_forest, sprint_mu_temple_rooms,
          sprint_mu_d1_spiders, sprint_mu_d2_genie, sprint_mu_d3_branching,
          sprint_mu_orc_legion, sprint_mu_elf_gauntlet, sprint_mu_hive_nellie,
          sprint_mu_lair_fedhas, sprint_mu_vaults_butterflies,
          sprint_mu_slime_circle, sprint_mu_swamp_cave, sprint_mu_shoals_archi,
          sprint_mu_blade_basic, sprint_mu_crypt_fortress,
          sprint_mu_tomb_spiral, sprint_mu_vestibule_basic,
          sprint_mu_gehenna_hellfire, sprint_mu_dis_giant,
          sprint_mu_tartarus_statrot, sprint_mu_cocytus_islands, sprint_mu_zot1]

Skill      XL: |  1  2  3 |
---------------+----------+-----
Fighting       | 3 4 |  4.2
Dodging        | 3 4 |  4.1
Unarmed Combat | 4 5 |  5.0

Action                     || total
---------------------------++-------
  Melee: Unarmed           ||    22
 Invoke: Berserk           ||     1
    Use: Potion            ||     1
 Armour: Animal skin       ||     5
  Dodge: Dodged            ||     4

Table legend: (Time is in decaauts)
 A = Elapsed time spent in this place.
 B = Non-inter-level travel time spent in this place.
 C = Inter-level travel time spent in this place.
 D = Time resting spent in this place.
 E = Time spent auto-exploring this place.
 F = Levels seen in this place.
 G = Mean time per level.
                   A        B        C        D        E       F      G
               +--------+--------+--------+--------+--------+-----+--------+
         Total |    130 |    130 |      0 |      0 |     87 |   1 |  130.0 |
       Dungeon |    130 |    130 |      0 |      0 |     87 |   1 |  130.0 |
               +--------+--------+--------+--------+--------+-----+--------+

Top non-repeatable levels by time:
       D: 130 daAuts
